 Dungeon Crawl Stone Soup version 0.28.0-53-g5a82cb258f (webtiles) character file.

Game seed: 1478521526889602366

535 LustLizard the Sneak (level 7, -10/33 HPs)
             Began as a Spriggan Enchanter on July 12, 2022.
             Shot with an arrow by a centaur (14 damage)
             ... on level 5 of the Dungeon.
             The game lasted 00:12:49 (5761 turns).

LustLizard the Sneak (Spriggan Enchanter)           Turns: 5761, Time: 00:12:51

Health: -10/33     AC:  2    Str:  6    XL:     7   Next: 4%
Magic:  5/13       EV: 17    Int: 16    God:
Gold:   211        SH:  0    Dex: 16    Spells: 8/13 levels left

rFire   . . .      SeeInvis +   e - +1 dagger (venom)
rCold   . . .      Faith    .   (no shield)
rNeg    . . .      Spirit   .   b - +0 robe
rPois   .          Reflect  .   (helmet restricted)
rElec   .          Harm     .   (no cloak)
rCorr   .          Rampage  .   (gloves unavailable)
Will    +....                   (boots unavailable)
Stlth   +++.......              (no amulet)
HPRegen 0.11/turn               n - +4 ring of slaying
MPRegen 0.13/turn               (no ring)

@: very quick
A: very small, no large weapons, unfitting armour, see invisible, speed 3
a: no special abilities


You were on level 5 of the Dungeon.
You visited 1 branch of the dungeon, and saw 5 of its levels.

You collected 211 gold pieces.

Inventory:

Hand Weapons
 a - a +1 dagger
 e - a +1 dagger of venom (weapon)
 o - a +0 hunting sling
Missiles
 f - 5 poisoned darts (quivered)
 g - a throwing net
 h - 2 boomerangs
 i - 34 sling bullets
 j - 120 stones
 m - 5 curare-tipped darts
Armour
 b - a +0 robe (worn)
Jewellery
 n - a +4 ring of slaying (left hand)
 s - a ring of positive energy
Scrolls
 k - 2 scrolls of blinking {unknown}
 l - a scroll of immolation {unknown}
 p - 2 scrolls of teleportation {unknown}
 q - a scroll of enchant armour {unknown}
 r - a scroll of fear {unknown}
 t - 2 scrolls of identify {unknown}
 u - 4 scrolls of amnesia {unknown}
 v - 2 scrolls of holy word {unknown}
 y - a scroll of torment {unknown}
 A - a scroll of enchant weapon {unknown}
Potions
 c - a potion of invisibility
 d - 2 potions of brilliance
 w - a potion of mutation {unknown}
 x - a potion of attraction {unknown}
 z - a potion of might {unknown}
 B - a potion of berserk rage {unknown}


   Skills:
 + Level 1.5 Fighting
 * Level 3.3 Short Blades
 * Level 3.0 Slings
 - Level 2.6 Dodging
 * Level 6.5 Stealth
 + Level 3.8 Spellcasting
 - Level 5.2 Hexes
 - Level 2.0 Ice Magic


You had 8 spell levels left.
You knew the following spells:

 Your Spells              Type           Power      Damage    Failure   Level
a - Ensorcelled Hibernat  Hex/Ice        28%        N/A       6%          2
b - Tukima's Dance        Hex            19%        N/A       6%          3

Your spell library contained the following spells:

 Spells                   Type           Power      Damage    Failure   Level
 Confusing Touch          Hex            19%        N/A       6%          3
 Dazzling Flash           Conj/Hex       22%        N/A       19%         3
 Passage of Golubria      Tloc           3%         N/A       86%         4
 Yara's Violent Unravell  Hex/Tmut       5%         3d4       86%         5


Dungeon Overview and Level Annotations

Branches:
Dungeon (5/15)
 Temple: D:4-7

Altars:
Gozag
Kikubaaqudgha
Sif Muna
Uskayaw
The Shining One

Shops:
D:4 *


Innate Abilities, Weirdness & Mutations

You are very small and have problems with some larger weapons.
You are too small for most types of armour.
You have supernaturally acute eyesight. (SInv)
You cover ground extremely quickly. (Speed+++)


Message History

You hear the slow hiss of a very distant avalanche of sand.
You now have 211 gold pieces (gained 13).
A centaur comes into view.
The centaur shouts!
The centaur wields a +0 shortbow.
The centaur shoots an arrow.
The arrow barely misses you.
The centaur shoots an arrow.
The arrow hits you!
The centaur shoots an arrow.
The arrow misses you.
The centaur shoots an arrow.
The arrow completely misses you.
Casting: Ensorcelled Hibernation (safe; 6% risk of failure)
Confirm with . or Enter, or press ? or * to list all spells.
Aiming: Ensorcelled Hibernation (safe; 6% risk of failure)
Press: ? - help, Shift-Dir - straight line, f - centaur
Aim: a centaur, wielding a +0 shortbow and quivering arrows (chance to affect: 48%)
The centaur resists with some effort.
The centaur shoots an arrow.
The arrow closely misses you.
Casting: Ensorcelled Hibernation (safe; 6% risk of failure)
Confirm with . or Enter, or press ? or * to list all spells.
Aiming: Ensorcelled Hibernation (safe; 6% risk of failure)
Press: ? - help, Shift-Dir - straight line, f/p - centaur
Aim: a centaur, wielding a +0 shortbow and quivering arrows (chance to affect: 48%)
The centaur resists with some effort.
The centaur shoots an arrow.
The arrow closely misses you.
The centaur shoots an arrow.
The arrow hits you!
* * * LOW HITPOINT WARNING * * *
Casting: Ensorcelled Hibernation (safe; 6% risk of failure)
Confirm with . or Enter, or press ? or * to list all spells.
Aiming: Ensorcelled Hibernation (safe; 6% risk of failure)
Press: ? - help, Shift-Dir - straight line, f/p - centaur
Aim: a centaur, wielding a +0 shortbow and quivering arrows (chance to affect: 48%)
The centaur resists with some effort.
The centaur shoots an arrow.
The arrow hits you.
* * * LOW HITPOINT WARNING * * *
Casting: Ensorcelled Hibernation (safe; 6% risk of failure)
Confirm with . or Enter, or press ? or * to list all spells.
Aiming: Ensorcelled Hibernation (safe; 6% risk of failure)
Press: ? - help, Shift-Dir - straight line, f/p - centaur
Aim: a centaur, wielding a +0 shortbow and quivering arrows (chance to affect: 48%)
The centaur resists with some effort.
The centaur shoots an arrow.
The arrow hits you!
You die...

#...# #.# ..... .#
##...#######.#####..#
###.......##..........#
#####................###..#
........#..##.##.##.........
#####..##..##.##.###.###..##
#..##.###.##.# #.# # #.....#
#.##.# #.# ..#.### #.##@#
#.# #.##.#####.##.###.. #.
#.......)c..#### #.
#######.....# #####...c ####


You could see a centaur.

Vanquished Creatures
  2 ogres (D:4)
  A phantom (D:4)
  A water moccasin skeleton (D:4)
  A bullfrog zombie (D:5)
  2 iguanas (D:5)
  An orc wizard (D:4)
  A hound skeleton (D:5)
  3 adders
  An adder skeleton (D:4)
  A worm (D:4)
  2 dart slugs (D:4)
  11 orcs
  A ball python (D:2)
  8 bats
  6 endoplasms
  4 giant cockroaches
  4 goblins
  4 hobgoblins
  4 jackals
  3 quokkas
  4 frilled lizards
  4 kobolds
  12 rats
81 creatures vanquished.

Notes
Turn   | Place    | Note
-------+----------+-------------------------------------------
     0 | D:1      | LustLizard the Spriggan Enchanter began the quest for the
                  | Orb.
     0 | D:1      | Reached XP level 1. HP: 9/9 MP: 5/5
    69 | D:1      | Found a faded altar of an unknown god.
   301 | D:1      | Reached XP level 2. HP: 13/13 MP: 6/6
   632 | D:1      | Learned a level 2 spell: Ensorcelled Hibernation
   998 | D:2      | Reached XP level 3. HP: 11/17 MP: 8/8
  1370 | D:2      | Reached skill level 5 in Stealth
  1859 | D:2      | Reached skill level 1 in Ice Magic
  2061 | D:2      | Reached XP level 4. HP: 13/21 MP: 9/9
  2705 | D:3      | Noticed a +0 short sword
  2705 | D:3      | Noticed a +0 falchion
  2707 | D:3      | Noticed a +0 dagger
  2714 | D:3      | Found a hide-covered altar of Uskayaw.
  2714 | D:3      | Noticed a +0 dagger
  2716 | D:3      | Noticed a +0 short sword
  2716 | D:3      | Noticed a +0 falchion
  2717 | D:3      | Noticed a +0 spear
  2717 | D:3      | Noticed a +0 spear
  2768 | D:3      | Found a glowing golden altar of the Shining One.
  2772 | D:3      | Found an ancient bone altar of Kikubaaqudgha.
  2776 | D:3      | Found a shimmering blue altar of Sif Muna.
  3965 | D:4      | Reached skill level 1 in Slings
  4106 | D:4      | Noticed an ogre
  4113 | D:4      | Killed an ogre
  4114 | D:4      | Reached skill level 1 in Fighting
  4114 | D:4      | Reached XP level 5. HP: 25/25 MP: 9/11
  4654 | D:4      | Found an opulent altar of Gozag.
  4654 | D:4      | Found Gozag's Platinum Reserve.
  4938 | D:4      | Noticed a phantom
  5076 | D:4      | Killed a phantom
  5077 | D:4      | Reached skill level 6 in Stealth
  5077 | D:4      | Reached XP level 6. HP: 30/30 MP: 12/12
  5249 | D:4      | Reached skill level 5 in Hexes
  5585 | D:5      | Entered Level 5 of the Dungeon
  5670 | D:5      | Learned a level 3 spell: Tukima's Dance
  5713 | D:5      | Reached XP level 7. HP: 33/33 MP: 10/13
  5761 | D:5      | Shot with an arrow by a centaur

Illustrated notes

Levels and vault maps discovered:
D:1:      saegor_arrival_simple_a, layout_loops_corners,
          shapermc_ecumenical_altar_starsandcircs, nicolae_figureground_pulse
D:2:      layout_basic, serial_rivers, chequers_serial_rivers_micro_a,
          chequers_serial_rivers_room_a, chequers_serial_rivers_large_a,
          chequers_serial_rivers_micro_e, chequers_serial_rivers_marsh,
          chequers_serial_rivers_micro_c
D:3:      layout_basic, nicolae_uskayaw_en_pointe, grunt_temple_overflow_diamond
D:4:      kennysheep_big_flooded_room, layout_cave_pods,
          nicolae_gozag_zags_fifth_avenue
D:5:      layout_loops_ring, nicolae_ossuary_entry_giza

Skill      XL: |  1  2  3  4  5  6 |
---------------+-------------------+-----
Hexes          | 4 5 |  5.2
Spellcasting   | 3 |  3.8
Stealth        | 5 6 |  6.5
Short Blades   | 2 3 |  3.3
Ice Magic      | 1 2 |  2.0
Slings         | 1 2 3 |  3.0
Fighting       | 1 |  1.5
Dodging        | |  2.6

Action                   |  1- 3 |  4- 6 |  7- 9 || total
-------------------------+-------+-------+-------++-------
Melee: Dagger            |    75 |    50 |       ||   125
 Fire: Hunting sling     |       |    23 |       ||    23
 Cast: Ensorcelled Hiber |     6 |    42 |     4 ||    52
 Stab: Sleeping          |    25 |    28 |       ||    53
       Distracted        |     1 |       |       ||     1
Armor: Robe              |     2 |     5 |       ||     7
Dodge: Dodged            |    49 |    47 |     5 ||   101
